AoeStats
← Barón de la Cerveza

Arabian Desert

508971870Analyzed
1v1 RM · 8d ago on Sep 24, 2026· 44m 57s· 2 players
Game mode
Random Map
Map size
Tiny (2 player)
Population
200
Speed
Normal
Resources
Standard
Victory
Conquest
Starting age
Dark Age
Ending age
Imperial Age
RankedLock teamsTeams togetherTeam positionsShared explorationLock speedFull tech treeHidden civsTurbo modeCheats
Victory
Defeat
🇲🇽 Malians · Mexico
1883
+16
🇫🇮 Berbers · Finland
1885
-16
Barón de la Cerveza
6:31 Loom
9:10 Feudal Age
9:21 Man-at-Arms
14:36 Double-Bit Axe
14:57 Fletching
16:53 Horse Collar
23:33 Castle Age
22:02 Padded Archer Armor
24:15 Bodkin Arrow
23:50 Crossbowman
27:29 Ballistics
27:26 Bow Saw
31:07 Heavy Plow
35:24 Imperial Age
33:30 Wheelbarrow
34:07 Husbandry
34:17 Bloodlines
35:12 Scale Barding Armor
36:54 Heavy Camel Rider
37:55 Chain Barding Armor
38:05 Hand Cart
41:35 Plate Barding Armor
41:11 Forging
42:06 Chemistry
41:49 Gold Mining
41:49 Stone Mining
43:12 Gold Shaft Mining
43:29 Conscription
44:09 Farimba
44:45 Hoardings
44:57 Iron Casting
Lootuskukka
4:55 Loom
9:10 Feudal Age
9:41 Double-Bit Axe
16:13 Fletching
21:21 Castle Age
19:31 Horse Collar
21:24 Crossbowman
21:59 Bodkin Arrow
22:41 Bow Saw
23:52 Ballistics
30:31 Wheelbarrow
31:46 Bloodlines
31:36 Husbandry
31:42 Scale Barding Armor
33:10 Chain Barding Armor
34:39 Town Watch
39:46 Imperial Age
37:49 Scale Mail Armor
37:10 Pikeman
38:50 Chain Mail Armor
39:36 Forging
40:02 Heavy Plow
41:00 Plate Mail Armor
40:48 Bracer
41:57 Chemistry
41:51 Capped Ram
43:53 Cavalier
Connection lost

Rejoining the realm…

Still unreachable

The connection could not be restored.

Session expired

The server has moved on; the page needs a fresh start.